 Dungeon Sprint DCSS version 0.32-a0-42-ga30500b4d3 (webtiles) character file.

Game seed: 14156239711911996154

98 rocky1 the Apothecary (level 4, -3/52 HPs)
             Began as a Merfolk Alchemist on Jan 29, 2024.
             Was an Elder of Sif Muna.
             Killed by nerve-wracking pain
             ... invoked by Grinder
              (16 damage)
             ... in the Dungeon (Sprint VII: "The Pits").
             The game lasted 00:02:15 (412 turns).

rocky1 the Apothecary (Merfolk Alchemist)            Turns: 412, Time: 00:02:17

Health: -3/52      AC:  9    Str:  8    XL:     4   Next: 71%
Magic:  9/9        EV:  9    Int: 14    God:    Sif Muna [****..]
Gold:   0          SH:  0    Dex: 16    Spells: 8/9 levels left

rFire   . . .        n - +1 long sword (flame)
rCold   . . .        (no shield)
rNeg    . . .        m - +3 scale mail
rPois   .            (no helmet)
rElec   .            (no cloak)
rCorr   .            (no gloves)
SInv    .            (no boots)
Will    .....        (no amulet) Stlth
                     (no ring)
HPRegen 0.28/turn    (no ring)
MPRegen 0.11/turn

%: no teleportation
@: berserking (expiring), fragile (+50% incoming damage), invisible, very quick
A: (nimble swimmer 2), mertail
a: Renounce Religion, Channel Magic, Forget Spell, Divine Exegesis


You were in the Dungeon.
You worshipped Sif Muna.
Sif Muna was greatly pleased with you.
You visited 1 branch

Inventory:

Hand Weapons
 l - a +2 falchion
 n - a +1 long sword of flaming (weapon)
Armour
 a - a +0 robe
 m - a +3 scale mail (worn)
Scrolls
 g - a scroll of blinking
 i - 2 scrolls of vulnerability
 j - 5 scrolls of amnesia
 k - a scroll of summoning
Potions
 b - 5 potions of magic
 c - 5 potions of curing
 d - 5 potions of heal wounds
 e - a potion of haste
 f - a potion of berserk rage
 h - a potion of invisibility


   Skills:
 + Level 3.2 Fighting
 + Level 3.4 Long Blades
 + Level 2.1 Armour
 + Level 4.9 Dodging
 + Level 4.2 Stealth
 + Level 3.4 Spellcasting
 - Level 0.7 Conjurations
 + Level 5.6 Alchemy
 + Level 3.0 Invocations


You had 8 spell levels left.
You knew the following spells:

 Your Spells              Type           Power      Damage    Failure   Level
a - Sting                 Conj/Alch      44%        1d5       45%         1

Your spell library contained the following spells:

 Spells                   Type           Power      Damage    Failure   Level
 Mercury Vapours          Alch/Air       20%        N/A       65%         2
 Olgreb's Toxic Radiance  Alch           18%        N/A       88%         4
 Mephitic Cloud           Conj/Alch/Air  8%         N/A       94%         3
 Sticky Flame             Fire/Alch      10%        2d5       99%         4


Dungeon Overview and Level Annotations

Branches:
Dungeon (1/1)

Altars:
Ashenzari
Cheibriados
Dithmenos
Elyvilon
Fedhas
Gozag
Hepliaklqana
Kikubaaqudgha
Makhleb
Nemelex Xobeh
Okawaru
Qazlal
Ru
Sif Muna
Trog
Uskayaw
Vehumet
Wu Jian
Xom
Yredelemnul
Zin
The Shining One
Jiyva
Lugonu

Annotations:
D Grinder, Jessica


Innate Abilities, Weirdness & Mutations

((You are very nimble when in or above water. (Stealth+, EV+, Speed+++)))
Your lower body shifts to a powerful aquatic tail in water.


Message History

You have reached level 4!
You slash Grinder! You burn Grinder.
Grinder is heavily wounded.
Grinder blinks!
You miss something. Something hits you. Something shocks you.
You miss something. Jessica gestures at you while chanting.
The endoplasm writhes in agony!
The endoplasm dies!
A glass eye comes into view.
A sky beast appears from thin air!
Reactivating autopickup.
The sky beast barely misses you.
You catch the helpless sky beast completely off-guard!
You slash the sky beast! You burn the sky beast.
The sky beast is heavily wounded.
The glass eye turns its gaze towards you.
Grinder gestures at you.
You suddenly lose the ability to move!
Grinder gestures at you. You resist with significant effort.
Jessica mumbles some strange words.
Jessica blinks!
The sky beast barely misses you. The glass eye gazes at you.
Your body becomes as fragile as glass!
The sky beast flickers out of sight!
Deactivating autopickup; reactivate with Ctrl-A.
Something hits you. Something shocks you.
You can move again.
Unknown command.
You closely miss Grinder.
Grinder is heavily wounded.
Grinder hits you.
You writhe in agony.
* * * LOW HITPOINT WARNING * * *
You barely miss Grinder.
Grinder is heavily wounded.
Something hits you but does no damage. Grinder gestures at you.
Pain shoots through your body!
You die...
Grinder says, "Now the real fun starts!"

#...........'.....
#'#####)#####.....
#.#..#..#[.##.....
#.#..†..#))#####'#
#.#..####.)##.....
#.#..#..#))##.....
#.#††#..#..##.....
#5##'#..#'###...<.
#@#..†.....##.....
#{#........##.....
#G###########.....
#.@.....# ######
#..###..# #...
##.## .. .#


You could see a glass eye, Grinder (unable to see you) and Jessica (unable to
see you).

Vanquished Creatures
  A crocodile (D)
  An adder (D)
  An orc (D)
  A giant cockroach (D)
  8 jackals (D)
  A ball python (D)
  2 giant cockroach zombies (D)
  A rat (D)
16 creatures vanquished.

Vanquished Creatures (others)
  An endoplasm (D)
1 creature vanquished.

Grand Total: 17 creatures vanquished

Notes
Turn   | Place    | Note
-------+----------+-------------------------------------------
     0 | D        | rocky1 the Merfolk Alchemist began the quest for the Orb.
     0 | D        | Reached XP level 1. HP: 13/13 MP: 3/3
    35 | D        | Found a bloodstained altar of Trog.
    35 | D        | Found a shimmering blue altar of Sif Muna.
    35 | D        | Found a viscous altar of Jiyva.
    35 | D        | Found a hazy altar of Hepliaklqana.
    35 | D        | Found an opulent altar of Gozag.
    36 | D        | Found a glowing golden altar of the Shining One.
    36 | D        | Found a glowing silver altar of Zin.
    36 | D        | Found a basalt altar of Yredelemnul.
    36 | D        | Found a shimmering altar of Xom.
    36 | D        | Found an ornate altar of the Wu Jian Council.
    36 | D        | Found a sacrificial altar of Ru.
    36 | D        | Found a stormy altar of Qazlal.
    36 | D        | Found an iron altar of Okawaru.
    36 | D        | Found a sparkling altar of Nemelex Xobeh.
    36 | D        | Found a burning altar of Makhleb.
    36 | D        | Found a blossoming altar of Fedhas.
    36 | D        | Found a white marble altar of Elyvilon.
    36 | D        | Found a shadowy altar of Dithmenos.
    36 | D        | Found a snail-covered altar of Cheibriados.
    39 | D        | Found a corrupted altar of Lugonu.
    39 | D        | Found a radiant altar of Vehumet.
    40 | D        | Found an ancient bone altar of Kikubaaqudgha.
    40 | D        | Found a hide-covered altar of Uskayaw.
    40 | D        | Found a broken altar of Ashenzari.
    43 | D        | Became a worshipper of Sif Muna the Loreminder
   206 | D        | Reached * piety under Sif Muna
   208 | D        | Reached skill level 1 in Fighting
   209 | D        | Reached skill level 1 in Long Blades
   209 | D        | Reached XP level 2. HP: 21/21 MP: 0/5
   210 | D        | Reached ** piety under Sif Muna
   211 | D        | Reached skill level 1 in Invocations
   279 | D        | Reached skill level 1 in Armour
   282 | D        | Reached *** piety under Sif Muna
   286 | D        | Reached XP level 3. HP: 26/27 MP: 2/7
   396 | D        | Noticed Jessica
   396 | D        | Noticed a sky beast
   396 | D        | Noticed Grinder
   397 | D        | Noticed a crocodile
   404 | D        | Killed a crocodile
   404 | D        | Reached **** piety under Sif Muna
   405 | D        | Reached skill level 5 in Alchemy
   405 | D        | Reached XP level 4. HP: 35/35 MP: 9/9
   407 | D        | Noticed a glass eye
   408 | D        | Paralysed by Grinder for 2 turns
   412 | D        | Killed from afar by Grinder

Illustrated notes

Levels and vault maps discovered:
D:        pitsprint [storerooms_1, entrance_room_1, metal_vault_4, armoury_2,
          mini_pit_1, grid_room_1, main_hall_1, silver_pit, the_coven_1,
          the_vestibule_1, steel_vault_5, golden_pit, hallway_of_sentries,
          crystal_vault_2, iron_vault_2, final_vault]

Skill      XL: |  1  2  3 |
---------------+----------+-----
Dodging        | 3 4 |  4.9
Fighting       | 1 3 |  3.2
Long Blades    | 1 2 3 |  3.4
Invocations    | 1 3 |  3.0
Armour         | 1 2 |  2.1
Stealth        | 3 4 |  4.2
Spellcasting   | 3 |  3.4
Alchemy        | 5 |  5.6
Conjurations   | |  0.7

Action                     |  1- 3 |  4- 6 || total
---------------------------+-------+-------++-------
  Melee: Unarmed           |    13 |       ||    13
         Falchion          |    15 |       ||    15
         Long sword        |     3 |     6 ||     9
   Cast: Sting             |    13 |       ||    13
    Use: Potion            |     5 |       ||     5
   Stab: Invisible         |     2 |     1 ||     3
 Armour: Robe              |    19 |       ||    19
         Scale mail        |     1 |     4 ||     5
  Dodge: Dodged            |    28 |     2 ||    30

Table legend: (Time is in decaauts)
 A = Elapsed time spent in this place.
 B = Non-inter-level travel time spent in this place.
 C = Inter-level travel time spent in this place.
 D = Time resting spent in this place.
 E = Time spent auto-exploring this place.
 F = Levels seen in this place.
 G = Mean time per level.
                   A        B        C        D        E       F      G
               +--------+--------+--------+--------+--------+-----+--------+
         Total |    421 |    403 |     18 |    219 |      0 |   1 |  421.0 |
       Dungeon |    421 |    403 |     18 |    219 |      0 |   1 |  421.0 |
               +--------+--------+--------+--------+--------+-----+--------+

Top non-repeatable levels by time:
       D: 421 daAuts
